cohdb
Replays
Latest Replays
All Replays
Popular Replays
Top Player Replays
Match Explorer
How It Works
Community
CoH3 Stats
Reddit
Sign in to upload your games and track your stats! →
Sign in with Steam
Match 46739241
Unlisted
Match 46739241
Overview
Messages
Build Orders
End
Kradschützen Motorcycle Team
Panzergrenadier Squad
Selects Panzerjäger Kommand Battlegroup
Selects Mine Fields
Panzergrenadier Squad
Panzergrenadier Squad
Construct Light Support Kompanie
2.5-tonne Medical Truck
Fire Support Elements
Selects Defensive Positions
le.IG 18 Mechanized Group
MysteryRanch79
BigOrange
Milliam
simiver
Nefris
Nicilobster
Tatari◑。
Tharrats
0
0
Comments
sign in to comment!
No comments posted yet!